 Dungeon Crawl Stone Soup version 0.30-a0-122-g2a1322497e (webtiles) character file.

Game seed: 17064866607282788651

935 Garessta the Slicer (level 7, 0/51 HPs)
             Began as a Demonspawn Brigand on Sept 15, 2022.
             Splashed by a jelly's acid (10 damage)
             ... on level 5 of the Dungeon.
             The game lasted 00:14:05 (4073 turns).

Garessta the Slicer (Demonspawn Brigand)            Turns: 4073, Time: 00:14:05

Health: 0/51       AC: -16   Str: 11    XL:     7   Next: 87%
Magic:  7/7        EV: 11    Int: 12    God:
Gold:   200        SH:  0    Dex: 17    Spells: 6/6 levels left

rFire   . . .      SeeInvis .    h - +1 dagger (speed)
rCold   . . .      Faith    .    (no shield)
rNeg    . . .      Spirit   .    b - +0 robe
rPois   .          Reflect  .    (no helmet)
rElec   .          Harm     .    c - +0 cloak
rCorr   .          Rampage  .    (no gloves)
Will    .....                    (no boots)
Stlth   +++.......               j - amulet of regeneration
HPRegen 0.97/turn                y - ring of flight
MPRegen 0.10/turn                (no ring)

@: corroded, flying
A: hooves 2, rugged brown scales 1, ignite blood 2
a: no special abilities


You were on level 5 of the Dungeon.
You visited 1 branch of the dungeon, and saw 5 of its levels.

You collected 200 gold pieces.

Inventory:

Hand Weapons
 h - a +1 dagger of speed (weapon)
Missiles
 d - 10 poisoned darts (quivered)
 e - 4 curare-tipped darts
Armour
 b - a +0 robe (worn)
 c - a +0 cloak (worn)
Jewellery
 j - an amulet of regeneration (around neck)
 y - a ring of flight (left hand)
Wands
 s - a wand of polymorph (20)
 A - a wand of flame (20)
Scrolls
 a - 2 scrolls of teleportation
 f - a scroll of enchant weapon {unknown}
 i - 2 scrolls of poison {unknown}
 k - a scroll of identify {unknown}
 l - a scroll of brand weapon {unknown}
 n - a scroll of amnesia
 o - 2 scrolls of enchant armour {unknown}
 q - a scroll of blinking {unknown}
 u - a scroll of vulnerability {unknown}
 w - a scroll of silence {unknown}
Potions
 g - a potion of attraction {unknown}
 m - 2 potions of curing
 p - 2 potions of lignification {unknown}
 r - 3 potions of degeneration {unknown}
 t - 3 potions of brilliance {unknown}
 v - a potion of ambrosia {unknown}
 x - a potion of cancellation {unknown}
 z - a potion of heal wounds


   Skills:
 - Level 2.0 Fighting
 + Level 8.5 Short Blades
 - Level 1.7 Throwing
 - Level 0.8 Dodging
 - Level 3.6 Stealth


You had 6 spell levels left.
You didn't know any spells.
Your spell library was empty.

Dungeon Overview and Level Annotations

Branches:
Dungeon (5/15)
 Temple: D:4-7

Altars:
Kikubaaqudgha
Okawaru


Innate Abilities, Weirdness & Mutations

You have hoof-like feet.
You are partially covered in rugged brown scales. (AC +1, +3% HP)
Your demonic aura often causes spilled blood to erupt in flames.


Message History

You hit the iguana but do no damage. You hit the iguana but do no damage.
You hit the iguana but do no damage. The iguana misses you.
You hit the iguana but do no damage. You hit the iguana.
Your kick misses the iguana.
The iguana is moderately wounded.
The iguana is engulfed in blazing flames.
The iguana misses you.
You hit the iguana.
You kill the iguana!
No target in view!
No target in view!
You see here an iguana corpse.
A jelly comes into view.
You throw a poisoned dart. The poisoned dart hits the jelly.
The jelly is poisoned.
You throw a poisoned dart. The poisoned dart hits the jelly.
The jelly looks even sicker.
The jelly is lightly wounded.
You hit the jelly. The acid corrodes you!
Your hands burn!
The jelly is lightly wounded.
You hit the jelly but do no damage. The acid corrodes you!
Your hands burn!
The jelly is lightly wounded.
You hit the jelly but do no damage. The acid corrodes you!
Your hands burn!
You kick the jelly, but do no damage.
The jelly is lightly wounded.
The jelly hits you. The acid corrodes you!
You are splashed with acid!
You hit the jelly but do no damage.
Your hands burn!
You kick the jelly, but do no damage.
The jelly is lightly wounded.
You hit the jelly but do no damage. The acid corrodes you!
Your hands burn!
You kick the jelly, but do no damage.
The jelly is lightly wounded.
The jelly hits you.
You are splashed with acid!
* * * LOW HITPOINT WARNING * * *
You are too injured to fight recklessly!
The jelly attacks as you move away! The jelly hits you.
* * * LOW HITPOINT WARNING * * *
The acid corrodes you!
You are splashed with acid!
You die...

# # #.# # #.# #
#.# #.# # #.# ..#
#.#.# ####.
#.###.#.######.
.....
#...((J........
################@#
...............†.#
##################


You could see a jelly (very poisoned).

Vanquished Creatures
  Grinder (D:3)
  Duvessa (D:4)
  2 phantoms
  Blork the orc (D:4)
  Dowan (D:4)
  A hound (D:4)
  Crazy Yiuf (D:2)
  Terence (D:3)
  2 iguanas
  Natasha (thrice) (D:4)
  Robin (D:3)
  3 gnolls (D:4)
  3 adders
  An ufetubus (D:5)
  3 worms
  A dart slug (D:1)
  6 orcs
  3 ball pythons
  4 endoplasms
  6 giant cockroaches
  8 hobgoblins
  4 jackals (D:3)
  8 kobolds
  5 quokkas
  5 bats
  3 frilled lizards
  12 goblins
  3 rats
93 creatures vanquished.

Notes
Turn   | Place    | Note
-------+----------+-------------------------------------------
     0 | D:1      | Garessta the Demonspawn Brigand began the quest for the
                  | Orb.
     0 | D:1      | Reached XP level 1. HP: 16/16 MP: 1/1
    69 | D:1      | Reached skill level 2 in Short Blades
   168 | D:1      | Found a faded altar of an unknown god.
   266 | D:1      | Gained mutation: You have large cloven feet. [demonic
                  | ancestry]
   266 | D:1      | Reached XP level 2. HP: 22/22 MP: 2/2
   748 | D:2      | Reached skill level 3 in Short Blades
   748 | D:2      | Gained mutation: You are partially covered in rugged brown
                  | scales. (AC +1, +3% HP) [demonic ancestry]
   748 | D:2      | Reached XP level 3. HP: 18/27 MP: 3/3
   939 | D:2      | Noticed a phantom
   979 | D:2      | Killed a phantom
   980 | D:2      | Reached skill level 4 in Short Blades
   980 | D:2      | Reached XP level 4. HP: 19/33 MP: 4/4
  1092 | D:2      | Identified the +1 chain mail of Nuilaxza {Int+4 Stlth+}
  1309 | D:2      | Found an iron altar of Okawaru.
  1610 | D:2      | Found a runed translucent door.
  1611 | D:2      | Noticed Crazy Yiuf
  1630 | D:2      | Killed Crazy Yiuf
  1631 | D:2      | Gained mutation: Your demonic aura sometimes causes spilled
                  | blood to erupt in flames. [demonic ancestry]
  1631 | D:2      | Reached XP level 5. HP: 39/39 MP: 5/5
  1871 | D:2      | Reached skill level 5 in Short Blades
  1911 | D:3      | Found an ancient bone altar of Kikubaaqudgha.
  1941 | D:3      | Noticed Robin
  2014 | D:3      | Noticed Grinder
  2409 | D:3      | Killed Robin
  2451 | D:3      | Paralysed by Grinder for 2 turns
  2478 | D:3      | Killed Grinder
  2479 | D:3      | Reached skill level 6 in Short Blades
  2479 | D:3      | Gained mutation: You have hoof-like feet. [demonic
                  | ancestry]
  2479 | D:3      | Reached XP level 6. HP: 37/45 MP: 6/6
  2712 | D:3      | Noticed Terence
  2787 | D:3      | Killed Terence
  3086 | D:4      | Noticed Blork the orc
  3123 | D:4      | Killed Blork the orc
  3124 | D:4      | Reached skill level 7 in Short Blades
  3124 | D:4      | Gained mutation: Your demonic aura often causes spilled
                  | blood to erupt in flames. [demonic ancestry]
  3124 | D:4      | Reached XP level 7. HP: 15/51 MP: 7/7
  3307 | D:4      | Noticed Duvessa
  3322 | D:4      | Noticed Dowan
  3334 | D:4      | Killed Duvessa
  3348 | D:4      | Killed Dowan
  3607 | D:4      | Reached skill level 8 in Short Blades
  3716 | D:4      | Noticed Natasha
  3728 | D:4      | Killed Natasha
  3822 | D:4      | Noticed Natasha
  3831 | D:4      | Killed Natasha
  3902 | D:4      | Noticed Natasha
  3917 | D:4      | Killed Natasha
  4010 | D:5      | Entered Level 5 of the Dungeon
  4073 | D:5      | Splashed by a jelly's acid

Illustrated notes

Levels and vault maps discovered:
D:1:      zaba_arrival_water, layout_loops_ring,
          dreamdust_ecumenical_altar_hidden_monk_grotto
D:2:      layout_basic, basic_altar, st_stairs_11, minmay_misc_feat_encased,
          uniq_crazy_yiuf_cottage
D:3:      layout_loops_cross, nicolae_tso_swordbearing_angel,
          mainiacjoe_overflow_tiny_flanked, uniq_robin, uniq_grinder,
          uniq_terence
D:4:      layout_basic, uniq_natasha, uniq_blork_the_orc, uniq_duvessa
D:5:      layout_basic, serial_shops, nicolae_shop_statue_plus

Skill      XL: |  1  2  3  4  5  6  7 |
---------------+----------------------+-----
Short Blades   | 2 3 4 6 7 8 |  8.5
Fighting       | |  2.0
Throwing       | |  1.7
Dodging        | |  0.8
Stealth        | |  3.6

Action                   |  1- 3 |  4- 6 |  7- 9 || total
-------------------------+-------+-------+-------++-------
Melee: Dagger            |    72 |   237 |    93 ||   402
       Kick              |    17 |    57 |    29 ||   103
       Punch             |     2 |     2 |     1 ||     5
Throw: Dart              |       |    25 |    17 ||    42
  Use: Scroll            |       |     2 |       ||     2
 Stab: Sleeping          |     3 |    10 |     3 ||    16
       Distracted        |       |     1 |       ||     1
Armor: Robe              |    12 |    23 |     5 ||    40
       Skin              |       |    11 |       ||    11
Dodge: Dodged            |    22 |    52 |    22 ||    96

Table legend: (Time is in decaauts)
 A = Elapsed time spent in this place.
 B = Non-inter-level travel time spent in this place.
 C = Inter-level travel time spent in this place.
 D = Time resting spent in this place.
 E = Time spent auto-exploring this place.
 F = Levels seen in this place.
 G = Mean time per level.
                   A        B        C        D        E       F      G
               +--------+--------+--------+--------+--------+-----+--------+
         Total |   3870 |   3685 |    185 |     26 |   2843 |   5 |  774.0 |
       Dungeon |   3870 |   3685 |    185 |     26 |   2843 |   5 |  774.0 |
               +--------+--------+--------+--------+--------+-----+--------+

Top non-repeatable levels by time:
     D:2: 1254 daAuts
     D:4: 946 daAuts
     D:3: 879 daAuts
     D:1: 739 daAuts
     D:5: 50 daAuts
